 Dungeon Sprint DCSS version 0.30-a0-622-gddc90eaa04 (webtiles) character file.

Game seed: 5352312819849831396

26 NinjaNoafa the Shield-Bearer (level 3, -2/23 HPs)
             Began as an Octopode Transmuter on Jan 10, 2023.
             Was an Initiate of Sif Muna.
             Slain by a draconian
             ... wielding a +0 dagger
              (13 damage)
             ... in the Dungeon (Sprint V: "Ziggurat Sprint").
             The game lasted 00:04:22 (173 turns).

NinjaNoafa the Shield-Bearer (Octopode Transmuter)   Turns: 173, Time: 00:04:23

Health: -2/23      AC:  1    Str:  9    XL:     3   Next: 8%
Magic:  6/8        EV: 13    Int: 29    God:    Sif Muna [......]
Gold:   0          SH:  8    Dex: 12    Spells: 8/9 levels left

rFire   . . .      SeeInvis .      - Unarmed
rCold   . . .      Faith    .    y - +3 buckler
rNeg    . . .      Spirit   .    (helmet currently unavailable)
rPois   .          Reflect  .    (no amulet)
rElec   .          Harm     .    t - +6 ring of intelligence
rCorr   .          Rampage  .    u - +6 ring of intelligence
Will    .....      NoTele   +    (no ring)
Stlth   +++                      (no ring)
HPRegen 0.23/turn                (no ring)
MPRegen 0.11/turn                (no ring)
                                 (no ring)
                                 (no ring)

@: mighty, appendages, on berserk cooldown, slowed, very slow
A: tentacle spike 3, almost no armour, amphibious, 8 rings, camouflage 1,
gelatinous body 1, (nimble swimmer 1), tentacles
a: End Transformation, Renounce Religion


You were in the Dungeon.
You worshipped Sif Muna.
Sif Muna was noncommittal.
One of your tentacles had grown a beastly spike.
You visited 1 branch

Inventory:

Armour
 y - a +3 buckler (worn)
 z - a +3 kite shield
Jewellery
 q - a ring of flight
 r - a +6 ring of dexterity
 s - a +6 ring of dexterity
 t - a +6 ring of intelligence (left tentacle)
 u - a +6 ring of intelligence (right tentacle)
 v - a +6 ring of strength
 w - a +6 ring of strength
Wands
 B - a wand of mindburst (6)
 C - a wand of light (5)
Scrolls
 g - 3 scrolls of blinking
 m - 4 scrolls of amnesia
 n - 7 scrolls of fog
 o - 5 scrolls of identify
 p - a scroll of fear
Potions
 a - a potion of lignification
 b - 10 potions of curing
 c - 8 potions of heal wounds
 d - 6 potions of haste
 e - 7 potions of magic
 f - 2 potions of berserk rage
 h - 2 potions of brilliance
 i - 2 potions of invisibility
 j - 4 potions of resistance
 l - 4 potions of might
Miscellaneous
 A - a lightning rod (4/4)


   Skills:
 - Level 1.4 Fighting
 - Level 2.3 Dodging
 - Level 1.4 Stealth
 + Level 5.1 Shields
 + Level 4.7 Unarmed Combat
 - Level 3.9 Spellcasting
 + Level 4.1 Transmutations
 + Level 3.7 Invocations
 - Level 1.1 Evocations


You had 8 spell levels left.
You knew the following spells:

 Your Spells              Type           Power      Damage    Failure   Level
a - Beastly Appendage     Tmut           60%        N/A       1%          1

Your spell library contained the following spells:

 Spells                   Type           Power      Damage    Failure   Level
 Wereblood                Tmut           30%        N/A       2%          2
 Spider Form              Tmut/Pois      17%        N/A       11%         3
 Ice Form                 Ice/Tmut       17%        N/A       36%         4


Dungeon Overview and Level Annotations

Branches:
Dungeon (1/1)

Altars:
Ashenzari
Cheibriados
Dithmenos
Elyvilon
Fedhas
Gozag
Hepliaklqana
Kikubaaqudgha
Makhleb
Nemelex Xobeh
Okawaru
Qazlal
Ru
Sif Muna
Trog
Uskayaw
Vehumet
Wu Jian
Xom
Yredelemnul
Zin
The Shining One
Jiyva
Lugonu

Annotations:
D 1 transporter


Innate Abilities, Weirdness & Mutations

One of your tentacles has grown a beastly spike.
You cannot wear most types of armour.
You are amphibious.
You can wear up to eight rings at the same time.
Your skin changes colour to match your surroundings (Stealth+).
Your rubbery body absorbs attacks. (AC +1, EV +1)
((You are camouflaged when in or above water. (Stealth+)))
You have tentacles for arms and can constrict up to eight enemies at once.


Message History

Confirm with . or Enter, or press ? or * to list all spells.
One of your tentacles grows a vicious spike.
You block the draconian's attack. The draconian hits you with a +0 mace.
You feel much better. The draconian hits you with a +0 mace!
Ouch! That really hurt!
* * * LOW HITPOINT WARNING * * *
Okay, then.
Blink to where?
Press: ? - help, Dir - move target, p - draconian
As you read the scroll of blinking, it crumbles to dust.
As you read the scroll of fear, it crumbles to dust.
You assume a fearsome visage.
The draconian looks frightened! x3
You feel much better.
A red film seems to cover your vision as you go berserk!
You feel yourself moving faster!
You feel mighty!
You feel a strong urge to attack something.
The draconian roars!
The draconian roars!
You feel your anger nearly subside.
You are no longer berserk.
You are exhausted.
You feel yourself slow down.
The draconian is no longer blind.
You closely miss the draconian.
Your attack snaps the draconian out of its fear.
You grab the draconian.
You pierce the draconian.
You squeeze the draconian, but do no damage.
The draconian is moderately wounded.
You constrict the draconian, but do no damage.
The draconian seems to regain its courage.
Cornered, the draconian turns to fight!
The draconian mutters, "Damn and blast!"
You block the draconian's attack.
Okay, then.
You feel very mighty all of a sudden.
You constrict the draconian, but do no damage.
The draconian hits you with a +0 dagger!
Ouch! That really hurt!
The draconian hits you with a +0 dagger!
Ouch! That really hurt!
You die...

▓▓▓▓▓▓▓▓▓▓▓▓▓
▓.8©8.▓.8©8.▓
▓.:}[.▓.....▓
▓.....▓.|[|.▓
▓.....▓.....▓
▓.@d..▓.....▓
▓..d..▓..©..▓
▓..©.d▓▓▓▓▓▓▓
▓▓▓▓▓▓▓


You could see 3 draconians.

Vanquished Creatures
  A white imp (D)
  A bat zombie (D)
2 creatures vanquished.

Notes
Turn   | Place    | Note
-------+----------+-------------------------------------------
     0 | D        | NinjaNoafa the Octopode Transmuter began the quest for the
                  | Orb.
     0 | D        | Reached XP level 1. HP: 13/13 MP: 3/3
     0 | D        | Found a shimmering blue altar of Sif Muna.
     0 | D        | Found a sacrificial altar of Ru.
     0 | D        | Found a bloodstained altar of Trog.
     0 | D        | Found a stormy altar of Qazlal.
     0 | D        | Found an iron altar of Okawaru.
     0 | D        | Found a sparkling altar of Nemelex Xobeh.
     0 | D        | Found a blossoming altar of Fedhas.
     0 | D        | Found the +6 Majin-Bo {vamp, MP+6 Int+6}
     0 | D        | Found the +27 heavy crossbow "Sniper" {heavy, Acc+∞ SInv}
     0 | D        | Found the +10 dark maul {heavy}
     0 | D        | Found the +15 Maxwell's patent armour {-Cast -Tele rElec
                  | Will+ rCorr}
     0 | D        | Found the +18 shield of the Gong {rElec rN+ Will+ EV-5}
     0 | D        | Found the +16 obsidian axe {drain, Mesm Drain Fly SInv}
     0 | D        | Found the +7 great mace "Firestarter" {flame, inner flame,
                  | rF++}
     0 | D        | Found the +6 shillelagh "Devastator" {shatter}
     0 | D        | Found the +11 plutonium sword {Contam Stlth-}
     0 | D        | Found the +8 lance "Wyrmbane" {slay drac, rPois rF+ rC+
                  | AC+3}
     0 | D        | Found the +9 sword of Zonguldrok {reap}
     0 | D        | Found the +13 scythe of Curses {drain, Drain}
     0 | D        | Found the +9 sword of Power
     0 | D        | Found the +7 mace of Variability {chaos, chain chaos}
     0 | D        | Found the +11 Singing Sword {sonic wave}
     0 | D        | Found the +8 storm bow {elec, penet}
     2 | D        | Found a transporter.
     2 | D        | Found an ancient bone altar of Kikubaaqudgha.
     2 | D        | Found a viscous altar of Jiyva.
     2 | D        | Found a corrupted altar of Lugonu.
     2 | D        | Found a hazy altar of Hepliaklqana.
     2 | D        | Found a burning altar of Makhleb.
     2 | D        | Found an opulent altar of Gozag.
    95 | D        | Became a worshipper of Sif Muna the Loreminder
   105 | D        | Entered arena 2.
   105 | D        | Found a transporter.
   112 | D        | Reached skill level 1 in Stealth
   112 | D        | Reached skill level 1 in Shields
   112 | D        | Reached skill level 1 in Invocations
   112 | D        | Reached skill level 1 in Evocations
   112 | D        | Reached XP level 2. HP: 11/18 MP: 3/5
   158 | D        | Entered arena 3.
   158 | D        | Noticed a draconian
   158 | D        | Noticed a draconian
   158 | D        | Noticed a draconian
   158 | D        | Found a transporter.
   159 | D        | Reached skill level 5 in Shields
   159 | D        | Reached XP level 3. HP: 23/23 MP: 6/8
   173 | D        | Slain by a draconian

Illustrated notes

Levels and vault maps discovered:
D:        sprint_v [room_start, room_1, room_2, room_3, room_4, room_5, room_6,
          room_7, room_8, room_9, room_10, room_11, room_12, room_13, room_14,
          room_15, room_16, room_17, room_18, room_19, room_20, room_21,
          room_22, room_23, room_24, room_25, room_26, room_27]

Skill      XL: |  1  2 |
---------------+-------+-----
Stealth        | 1 |  1.4
Shields        | 1 5 |  5.1
Invocations    | 1 3 |  3.7
Evocations     | 1 |  1.1
Unarmed Combat | 4 |  4.7
Spellcasting   | 3 |  3.9
Transmutations | 4 |  4.1
Fighting       | |  1.4
Dodging        | |  2.3

Action                   || total
-------------------------++-------
Melee: Unarmed           ||     4
       Kick              ||     3
       Constrict         ||     2
       Tentacles         ||     2
 Cast: Beastly Appendage ||     2
Evoke: Wand              ||     3
  Use: Potion            ||     5
       Scroll            ||     2
Armor: Skin              ||     1
Dodge: Dodged            ||     6
Block: Buckler           ||     3

Table legend: (Time is in decaauts)
 A = Elapsed time spent in this place.
 B = Non-inter-level travel time spent in this place.
 C = Inter-level travel time spent in this place.
 D = Time resting spent in this place.
 E = Time spent auto-exploring this place.
 F = Levels seen in this place.
 G = Mean time per level.
                   A        B        C        D        E       F      G
               +--------+--------+--------+--------+--------+-----+--------+
         Total |    170 |    152 |     18 |     27 |     27 |   1 |  170.0 |
       Dungeon |    170 |    152 |     18 |     27 |     27 |   1 |  170.0 |
               +--------+--------+--------+--------+--------+-----+--------+

Top non-repeatable levels by time:
       D: 170 daAuts
